 Dungeon Sprint DCSS version 0.27.1-34-g3ba077fa99 (webtiles) character file.

Game seed: 10473507484290099948

2163 Arum the Fighter (level 9, -5/84 HPs)
             Began as a Formicid Fighter on Jan 16, 2022.
             Was a High Priest of Okawaru.
             Slain by an eight-headed hydra (13 damage)
             ... in the Dungeon (Sprint IX: "|||||||||||||||||||||||||||||").
             The game lasted 00:02:14 (279 turns).

Arum the Fighter (Formicid Fighter)                  Turns: 279, Time: 00:02:15

Health: -5/84      AC: 13    Str: 28    XL:     9   Next: 57%
Magic:  5/9        EV: 12    Int:  7    God:    Okawaru [*****.]
Gold:   0          SH: 12    Dex: 10    Spells: 8/8 levels left

rFire    . . .     SeeInvis +   k - +4 quarterstaff (speed)
rCold    . . .     Faith    .   c - +0 kite shield
rNeg     . . .     Spirit   .   n - +1 scale mail
rPois    .         Reflect  .   (helmet unavailable)
rElec    .         Harm     .   m - +0 cloak
rCorr    .         Rampage  .   l - +0 pair of gloves
Will     .....                  (no boots)
Stlth    ..........             (no amulet)
HPRegen  0.24/turn              a - +2 ring of evasion
MPRegen  0.11/turn              b - +3 ring of strength

@: no status effects
A: permanent stasis, dig shafts and tunnels, antennae 3, four strong arms
a: Dig, Renounce Religion, Heroism, Finesse


You were in the Dungeon.
You worshipped Okawaru.
Okawaru was extremely pleased with you.
You visited 1 branch

Inventory:

Hand Weapons
 k - a +4 quarterstaff of speed (weapon)
Armour
 c - a +0 kite shield (worn)
 l - a +0 pair of gloves (worn)
 m - a +0 cloak (worn)
 n - a +1 scale mail (worn)
Jewellery
 a - a +2 ring of evasion (left hand)
 b - a +3 ring of strength (right hand)
Wands
 j - a wand of acid (7)
Scrolls
 i - 2 scrolls of amnesia
Potions
 d - a potion of might
 e - 5 potions of curing
 f - 2 potions of heal wounds
 g - 4 potions of magic
 h - a potion of invisibility


   Skills:
 + Level 12.6 Fighting
 + Level 11.3 Staves
 + Level 12.5 Armour
 - Level 9.0 Shields


You had 8 spell levels left.
You didn't know any spells.
Your spell library was empty.

Dungeon Overview and Level Annotations

Branches:
Dungeon (1/1)

Altars:
Cheibriados
Dithmenos
Elyvilon
Fedhas
Gozag
Hepliaklqana
Kikubaaqudgha
Makhleb
Nemelex Xobeh
Okawaru
Qazlal
Ru
Sif Muna
Trog
Uskayaw
Vehumet
Wu Jian
Xom
Yredelemnul
Zin
The Shining One
Beogh
Jiyva
Lugonu


Innate Abilities, Weirdness & Mutations

You cannot be hasted, slowed, berserked, paralysed or teleported.
You can dig through walls and to a lower floor.
You have a pair of large antennae on your head. (SInv)
Your four strong arms can wield two-handed weapons with a shield.


Message History

The seven-headed hydra bites you but does no damage. x2
The seven-headed hydra bites you!
The seven-headed hydra bites you but does no damage.
The seven-headed hydra barely misses you. x2
You block the seven-headed hydra's attack.
You hit the seven-headed hydra.
The seven-headed hydra is almost dead.
The howler monkey hoots and howls with incredible vigour!
Your scale mail prevents you from hitting the seven-headed hydra.
The seven-headed hydra is almost dead.
Unknown command.
You hit the seven-headed hydra.
The seven-headed hydra is almost dead.
The seven-headed hydra bites you!
* * * LOW HITPOINT WARNING * * *
The seven-headed hydra bites you but does no damage.
You block the seven-headed hydra's attack.
The seven-headed hydra bites you but does no damage. x2
You block the seven-headed hydra's attack. x2
You sock the seven-headed hydra!
You kill the seven-headed hydra!
Okawaru is honoured by your kill.
You can now speed up your combat.
Okawaru will now gift you equipment as you gain piety.
Okawaru grants you ammunition! Something appears at your feet!
Your base Fighting skill increases to level 12!
Your base Staves skill increases to level 11!
Your base Armour skill increases to level 12!
Unknown command.
You barely miss the eight-headed hydra.
The eight-headed hydra is lightly wounded.
You feel like a meek peon again.
You hit the eight-headed hydra.
The eight-headed hydra is lightly wounded.
The eight-headed hydra barely misses you.
The eight-headed hydra bites you!
* * * LOW HITPOINT WARNING * * *
You block the eight-headed hydra's attack. x2
The eight-headed hydra bites you!
You die...

▓.▓
▓.▓
▓.▓
▓.▓
▓h▓
▓c▓
▓D▓
▓@▓
{
▓)▓
▓)▓
▓.▓
▓)▓
▓)▓
▓'▓
▓.▓
▓.▓
{


You could see an eight-headed hydra (corroded), a centaur warrior and a howler
monkey (catching breath).

Vanquished Creatures
  A hydra (D)
  A tengu warrior (D)
  A deep elf pyromancer (D)
  2 yaks (D)
  A centaur (D)
  A gnoll sergeant (D)
  An orc wizard (D)
  A white imp (D)
  An adder skeleton (D)
  A worm (D)
  2 orcs (D)
  A bat (D)
  A bat zombie (D)
  A goblin (D)
  A hobgoblin (D)
  2 kobolds (D)
19 creatures vanquished.

Notes
Turn   | Place    | Note
-------+----------+-------------------------------------------
     0 | D        | Arum the Formicid Fighter began the quest for the Orb.
     0 | D        | Reached XP level 1. HP: 18/18 MP: 1/1
    23 | D        | Reached XP level 2. HP: 25/25 MP: 2/2
    45 | D        | Reached skill level 5 in Shields
    45 | D        | Reached XP level 3. HP: 28/31 MP: 3/3
    51 | D        | Found a snail-covered altar of Cheibriados.
    51 | D        | Found a shadowy altar of Dithmenos.
    51 | D        | Found a white marble altar of Elyvilon.
    51 | D        | Found a blossoming altar of Fedhas.
    51 | D        | Found an opulent altar of Gozag.
    52 | D        | Found a hazy altar of Hepliaklqana.
    53 | D        | Found a viscous altar of Jiyva.
    54 | D        | Found an ancient bone altar of Kikubaaqudgha.
    55 | D        | Found a corrupted altar of Lugonu.
    56 | D        | Found a burning altar of Makhleb.
    57 | D        | Found a sparkling altar of Nemelex Xobeh.
    58 | D        | Found an iron altar of Okawaru.
    59 | D        | Found a stormy altar of Qazlal.
    60 | D        | Found a sacrificial altar of Ru.
    61 | D        | Found a shimmering blue altar of Sif Muna.
    62 | D        | Found a bloodstained altar of Trog.
    63 | D        | Found a hide-covered altar of Uskayaw.
    64 | D        | Found a radiant altar of Vehumet.
    65 | D        | Found an ornate altar of the Wu Jian Council.
    66 | D        | Became a worshipper of Warmaster Okawaru
    67 | D        | Found a shimmering altar of Xom.
    68 | D        | Found a basalt altar of Yredelemnul.
    69 | D        | Found a glowing silver altar of Zin.
    70 | D        | Found a glowing golden altar of the Shining One.
   123 | D        | Noticed a gnoll sergeant
   123 | D        | Noticed a yak
   123 | D        | Noticed a centaur
   123 | D        | Noticed a yak
   126 | D        | Reached skill level 5 in Fighting
   126 | D        | Reached skill level 5 in Armour
   126 | D        | Reached XP level 4. HP: 25/39 MP: 4/4
   126 | D        | Killed a centaur
   127 | D        | Reached skill level 5 in Staves
   127 | D        | Reached XP level 5. HP: 30/46 MP: 5/5
   127 | D        | Killed a yak
   127 | D        | Reached * piety under Okawaru
   128 | D        | Reached XP level 6. HP: 36/55 MP: 6/6
   130 | D        | Killed a yak
   131 | D        | Reached XP level 7. HP: 42/63 MP: 7/7
   238 | D        | Noticed a centaur warrior
   238 | D        | Noticed an eight-headed hydra
   238 | D        | Noticed a deep elf pyromancer
   238 | D        | Noticed a seven-headed hydra
   238 | D        | Noticed a tengu warrior
   259 | D        | Killed a tengu warrior
   259 | D        | Reached ** piety under Okawaru
   259 | D        | Reached *** piety under Okawaru
   260 | D        | Reached skill level 10 in Armour
   260 | D        | Reached XP level 8. HP: 73/75 MP: 4/8
   269 | D        | Killed a deep elf pyromancer
   269 | D        | Reached **** piety under Okawaru
   270 | D        | Reached skill level 10 in Staves
   270 | D        | Reached XP level 9. HP: 17/82 MP: 4/9
   277 | D        | Killed a seven-headed hydra
   277 | D        | Reached ***** piety under Okawaru
   277 | D        | Received a gift from Okawaru
   279 | D        | Slain by an eight-headed hydra

Illustrated notes

Levels and vault maps discovered:
D:        linesprint [early_d, line_temple, items_1, d_10, items_2, lair_1,
          lair_end, items_3, orc_1, orc_end, items_4, d_15, swamp_1, shoals_1,
          snake_1, spider_1, d_20, vaults_1, items_5, swamp_end, shoals_end,
          snake_end, spider_end, vaults_end, d_27, items_6, zot_1, zot_end,
          crypt_end, forest_end, elf_end, slime_end, tomb_end, abyss_end,
          pan_hell_end]

Skill      XL: |  1  2  3  4  5  6  7  8  9 |
---------------+----------------------------+-----
Shields        | 4 5 6 8 9 |  9.0
Fighting       | 4 5 6 7 8 11 12 | 12.6
Armour         | 4 5 6 7 8 10 11 12 | 12.5
Staves         | 3 4 5 6 7 9 10 11 | 11.3

Action                   |  1- 3 |  4- 6 |  7- 9 || total
-------------------------+-------+-------+-------++-------
Melee: Quarterstaff      |    35 |     3 |    42 ||    80
Invok: Heroism           |       |       |     2 ||     2
Evoke: Wand              |     1 |     1 |     1 ||     3
  Use: Potion            |       |       |     1 ||     1
Armor: Scale mail        |    17 |       |    20 ||    37
Dodge: Dodged            |     8 |     1 |    30 ||    39
Block: Kite shield       |    18 |       |    34 ||    52
